Match 45147016
Unlisted

Match 45147016
End
Kradschützen Motorcycle Team
Panzerpioneer Squad
Panzergrenadier Squad
Panzergrenadier Squad
Construct Light Support Kompanie
2.5-tonne Medical Truck
Selects Panzerjäger Kommand Battlegroup
Selects Mine Fields
Fire Support Elements
Panzerjäger Mechanized Group
Flakvierling Half-track
Selects Defensive Positions
Veteran Squad Leaders
MG34 Team
流星の双子
赵天天001
0
0

Comments sign in to comment!

No comments posted yet!